 Dungeon Crawl Stone Soup version 0.18.1-50-g88ac8fd (webtiles) character file.

175 magog001 the Covert (level 5, -6/35 HPs)
             Began as an Octopode Assassin on June 11, 2017.
             Mangled by a goblin
             ... wielding a +0 club
             ... led by Robin
              (10 damage)
             ... on level 3 of the Dungeon.
             The game lasted 00:09:44 (2276 turns).

magog001 the Covert (Octopode Assassin)             Turns: 2276, Time: 00:09:45

Health: -6/35      AC:  1    Str: 11    XL:     5   Next: 55%
Magic:  5/5        EV: 12    Int: 13    God:
Gold:   153        SH:  0    Dex: 14    Spells: 0 memorised, 4 levels left

rFire  . . .     SeeInvis .     a - +2 dagger
rCold  . . .     Gourm    .     (no shield)
rNeg   + . .     Faith    .     (helmet restricted)
rPois  .         Spirit   .     (no amulet)
rElec  .         Dismiss  .     o - ring of positive energy
rCorr  .         Reflect  .     (no ring)
SustAt .         Harm     .     (no ring)
MR     .....                    (no ring)
Stlth  +++++.....               (no ring)
                                (no ring)
                                (no ring)
                                (no ring)

@: not resistant to hostile enchantments, quite stealthy
A: almost no armour, amphibious, 8 rings, constrict 8, camouflage 1, gelatinous
body 1
a: no special abilities


You were on level 3 of the Dungeon.
You were not hungry.

You visited 1 branch of the dungeon, and saw 3 of its levels.

You collected 153 gold pieces.

Inventory:

Hand Weapons
 a - a +2 dagger (weapon)
 b - a +0 blowgun
Missiles
 c - 8 poisoned needles
 d - 2 curare-tipped needles
 g - 11 tomahawks (quivered)
 u - 25 sling bullets
Jewellery
 o - a ring of positive energy (left tentacle)
Scrolls
 e - 2 scrolls of recharging {unknown}
 h - a scroll of remove curse {unknown}
 i - a scroll of teleportation {unknown}
 k - 4 scrolls of identify {unknown}
 m - a scroll of magic mapping {unknown}
 s - 2 scrolls of random uselessness {unknown}
Potions
 l - a potion of lignification {unknown}
 n - a potion of agility {unknown}
 p - a potion of curing {unknown}
Comestibles
 f - 2 bread rations
 j - 6 chunks of flesh
 r - a beef jerky
 t - a royal jelly


   Skills:
 + Level 2.4 Fighting
 * Level 2.4 Short Blades
 * Level 2.4 Throwing
 * Level 2.0 Dodging
 * Level 8.0 Stealth


You had 4 spell levels left.
You didn't know any spells.

Dungeon Overview and Level Annotations

Branches:
Dungeon (3/15)

Altars:

Annotations:
D:3 Robin


Innate Abilities, Weirdness & Mutations

You cannot wear most types of armour.
You are amphibious.
You can wear up to eight rings at the same time.
You can use your tentacles to constrict eight enemies at once.
Your skin changes colour to match your surroundings (Stealth).
Your rubbery body absorbs attacks (AC +1).


Message History

Drink which item? (? for menu, Esc to quit)
It was a potion of heal wounds.
You feel much better. The goblin hits you with a club.
The goblin barely misses you. The goblin misses you.
The hobgoblin closely misses you. Robin throws the goblin at you!
The goblin unwields an uncursed hunting sling.
The goblin wields an uncursed club.
The goblin hits you with an uncursed club.
You barely miss the goblin.
The goblin shouts!
The hobgoblin shouts!
Your grab misses the goblin. You squeeze the goblin.
You kill the goblin!
The orc closely misses you. The goblin misses you.
The goblin barely misses you. The goblin closely misses you.
The hobgoblin hits you with a club.
* * * LOW HITPOINT WARNING * * *
The goblin barely misses you. Robin throws the goblin at you!
* * * LOW HITPOINT WARNING * * *
The goblin hits you with a club!
You die...

#.#. #! #.#.#+##.####+#+##
#......#.........#
#......#.........#
#......##.....)..# .
...........#'#.## ..
######+#+#.......#.#.# ..
..........g......#.#.####..
......?...)@g.....#.#.....#
..........ggg####+##.#.))..#
..........o..##.......)....#
..?.......g.g##............#
#......g....##............#
###.....g..)..##...........##
........g..)..##............+
#....g....)..##...........##
.#..<.........##............+


You could see Robin, an orc, 3 hobgoblins and 7 goblins.

Vanquished Creatures
  An orc priest (D:3)
  3 orc wizards (D:3)
  2 oozes
  2 worms
  A dart slug (D:1)
  4 orcs (D:3)
  3 giant cockroaches
  5 goblins
  4 hobgoblins
  6 jackals (D:1)
  4 kobolds
  A quokka (D:2)
  2 giant newts (D:2)
  3 rats (D:2)
41 creatures vanquished.

Notes
Turn   | Place    | Note
--------------------------------------------------------------
     0 | D:1      | magog001 the Octopode Assassin began the quest for the Orb.
     0 | D:1      | Reached XP level 1. HP: 14/14 MP: 1/1
   698 | D:1      | Reached XP level 2. HP: 19/19 MP: 2/2
  1193 | D:1      | Reached skill level 6 in Stealth
  1193 | D:1      | Reached XP level 3. HP: 24/24 MP: 3/3
  1916 | D:3      | Reached XP level 4. HP: 20/30 MP: 4/4
  2067 | D:3      | Reached skill level 7 in Stealth
  2096 | D:3      | Reached XP level 5. HP: 23/35 MP: 5/5
  2261 | D:3      | Reached skill level 8 in Stealth
  2262 | D:3      | Noticed Robin
  2276 | D:3      | Mangled by a goblin

Skill      XL: |  1  2  3  4  5 |
---------------+----------------+-----
Stealth        | 6 7 8 |  8.0
Dodging        | 2 |  2.0
Fighting       | |  2.4
Short Blades   | |  2.4
Throwing       | |  2.4

Action                   |  1- 3 |  4- 6 || total
-------------------------+-------+-------++-------
Melee: Dagger            |    57 |    23 ||    80
       Tentacles         |    11 |     7 ||    18
       Constrict         |     8 |     7 ||    15
 Fire: Blowgun           |       |     4 ||     4
Throw: Tomahawk          |     2 |       ||     2
  Use: Potion            |       |     1 ||     1
 Stab: Sleeping          |    15 |     3 ||    18
  Eat: Chunk             |     3 |     1 ||     4
Armor: Skin              |     2 |     2 ||     4
Dodge: Dodged            |    21 |    23 ||    44
